 Dungeon Crawl Stone Soup version 0.25.1-2-g60ff931df9 (webtiles) character file.

Game seed: 14932429252814190134

966 Almogavar the Slinger (level 8, -1/54 HPs)
             Began as a Halfling Hunter on Sept 4, 2020.
             Was a Believer of Nemelex Xobeh.
             Slain by Grinder (5 damage)
             ... while paralysed by Grinder
             ... on level 6 of the Dungeon.
             The game lasted 00:28:32 (6708 turns).

Almogavar the Slinger (Halfling Hunter)             Turns: 6708, Time: 00:28:32

Health: -1/54      AC:  6    Str: 13    XL:     8   Next: 38%
Magic:  8/8        EV:  3    Int:  9    God:    Nemelex Xobeh [**....]
Gold:   357        SH:  0    Dex: 17    Spells: 7/7 levels left

rFire    . . .     SeeInvis .   b - +0 short sword
rCold    . . .     Gourm    .   (shield restricted)
rNeg     . . .     Faith    .   c - +0 leather armour
rPois    .         Spirit   .   e - +2 helmet
rElec    .         Reflect  .   (no cloak)
rCorr    .         Harm     .   (no gloves)
MR       .....                  (no boots)
Stlth    ++........             (no amulet)
HPRegen  0.18/turn              (no ring)
MPRegen  0.11/turn              (no ring)

@: paralysed
A: small, mutation resistance 1
a: Draw Escape, Draw Destruction, Draw Summoning, Renounce Religion


You were on level 6 of the Dungeon.
You worshipped Nemelex Xobeh.
Nemelex Xobeh was pleased with you.
You were not hungry.

You visited 2 branches of the dungeon, and saw 7 of its levels.

You collected 357 gold pieces.

Inventory:

Hand Weapons
 a - a +1 hunting sling
 b - a +0 short sword (weapon)
Missiles
 d - 56 sling bullets
 i - 154 stones (quivered)
Armour
 c - a +0 leather armour (worn)
 e - a +2 helmet (worn)
 k - a +0 ring mail
 r - a +0 chain mail
 s - a +0 buckler
Wands
 y - a wand of polymorph (5)
 z - a wand of flame (14)
Scrolls
 g - 2 scrolls of remove curse
 p - 5 scrolls of teleportation
 t - 2 scrolls of enchant armour
 u - a scroll of random uselessness {unknown}
 v - 2 scrolls of amnesia {unknown}
 w - a scroll of immolation {unknown}
 x - a scroll of fear {unknown}
 B - a scroll of noise {unknown}
 D - a scroll of blinking {unknown}
Potions
 h - 2 potions of degeneration {unknown}
 j - a potion of berserk rage
 l - 2 potions of ambrosia {unknown}
 m - 3 potions of stabbing {unknown}
 n - 4 potions of curing {unknown}
 o - a potion of might
 q - a potion of heal wounds
 A - a potion of resistance {unknown}
 C - a potion of flight {unknown}
Comestibles
 f - 7 rations


   Skills:
 + Level 3.6 Fighting
 + Level 4.5 Short Blades
 + Level 10.1 Slings
 + Level 2.8 Armour
 + Level 3.5 Dodging
 + Level 2.5 Stealth


You had 7 spell levels left.
You didn't know any spells.
Your spell library was empty.

Dungeon Overview and Level Annotations

Branches:
Dungeon (6/15)             Temple (1/1) D:4

Altars:
Cheibriados
Dithmenos
Elyvilon
Fedhas
Gozag
Hepliaklqana
Kikubaaqudgha
Makhleb
Nemelex Xobeh
Okawaru
Sif Muna
Trog
Uskayaw
Vehumet
Wu Jian
Xom
Yredelemnul
Zin
The Shining One

Shops:
D:4 *   D:6 *

Annotations:
D:6 Grinder


Innate Abilities, Weirdness & Mutations

You are small and have problems with some larger weapons.
You are somewhat resistant to further mutation.


Message History

Almogavar's illusion hits Grinder but does no damage.
You hit Grinder but do no damage.
Grinder is severely wounded.
Grinder gestures at you.
You suddenly lose the ability to move!
Almogavar's illusion hits Grinder but does no damage.
Grinder hits you!
You writhe in agony.
Almogavar's illusion hits Grinder.
Grinder gestures at you. You resist with some effort.
Almogavar's illusion hits Grinder.
Grinder hits you!
* * * LOW HITPOINT WARNING * * *
Almogavar's illusion hits Grinder.
Grinder gestures at you. Pain shoots through your body!
* * * LOW HITPOINT WARNING * * *
Almogavar's illusion barely misses Grinder.
Grinder hits you.
You die...
Your body disappears without a glow.

#.....'.......#.##.#..
#######.........##.#.#
#...###.####.#.# #.###
#.# #.#.# ..####.##
#.# #.#.# #
##.......####.# #.#..
#.#.............#
#.###
#....############
#...# ###...@.###
###.# #....5@...# #.#
#.#...#.#.# #.#
#...#.#.# #.#
#..?#.#.###########.#
#..>#.#.............#
...(..#############.#
.#$##### #.# #### ###


You could see Grinder and the friendly Almogavar's illusion (summoned).

Vanquished Creatures
  Menkaure (D:6)
  A phantom (D:6)
  An ogre (D:4)
  A bullfrog (D:6)
  2 scorpions
  A water moccasin skeleton (D:5)
  2 crimson imps
  A hound (D:5)
  A jelly (D:5)
  An orc priest (D:6)
  Jessica (D:3)
  Natasha (D:2)
  2 worker ants
  Robin (D:2)
  A howler monkey skeleton (D:4)
  5 adders
  A shadow imp (D:4)
  2 adder zombies (D:5)
  3 worms
  3 dart slugs
  3 leopard geckos
  10 orcs
  5 giant cockroaches
  8 goblins
  11 hobgoblins
  6 kobolds
  2 quokkas
  2 ball pythons
  5 bats
  A frilled lizard (D:1)
  A leopard gecko skeleton (D:5)
  4 rats
90 creatures vanquished.

Vanquished Creatures (collateral kills)
  Ijyb (D:5)
1 creature vanquished.

Grand Total: 91 creatures vanquished

Notes
Turn   | Place    | Note
-------+----------+-------------------------------------------
     0 | D:1      | Almogavar the Halfling Hunter began the quest for the Orb.
     0 | D:1      | Reached XP level 1. HP: 14/14 MP: 1/1
    67 | D:1      | Reached skill level 6 in Slings
   178 | D:1      | Reached XP level 2. HP: 19/19 MP: 2/2
   575 | D:1      | Reached XP level 3. HP: 24/24 MP: 3/3
  1020 | D:2      | Reached skill level 1 in Short Blades
  1021 | D:2      | Noticed Robin
  1025 | D:2      | Reached skill level 7 in Slings
  1036 | D:2      | Killed Robin
  1036 | D:2      | Reached skill level 1 in Armour
  1036 | D:2      | Reached XP level 4. HP: 22/29 MP: 4/4
  1357 | D:2      | Noticed Natasha
  1407 | D:2      | Killed Natasha
  1407 | D:2      | Reached XP level 5. HP: 9/34 MP: 5/5
  1976 | D:3      | Noticed Jessica
  1981 | D:3      | Killed Jessica
  2843 | D:4      | Reached skill level 8 in Slings
  2874 | D:4      | Found a staircase to the Ecumenical Temple.
  2892 | D:4      | Reached XP level 6. HP: 37/41 MP: 6/6
  2930 | Temple   | Entered the Ecumenical Temple
  2972 | Temple   | Became a worshipper of Nemelex Xobeh the Trickster
  3040 | D:4      | Received a gift from Nemelex Xobeh
  3535 | D:4      | Noticed an ogre
  3561 | D:4      | Killed an ogre
  4097 | D:4      | Found Ybbe's Assorted Antiques.
  4191 | D:5      | Entered Level 5 of the Dungeon
  4211 | D:5      | Reached XP level 7. HP: 31/45 MP: 7/7
  4507 | D:5      | Reached * piety under Nemelex Xobeh
  4537 | D:5      | Received a gift from Nemelex Xobeh
  4552 | D:5      | Reached skill level 9 in Slings
  4888 | D:5      | Noticed Ijyb
  4921 | D:5      | Killed Ijyb
  5130 | D:5      | Received a gift from Nemelex Xobeh
  5643 | D:6      | Found Zin's Purification Station.
  5647 | D:6      | Found a glowing silver altar of Zin.
  6121 | D:6      | Found a shimmering blue altar of Sif Muna.
  6159 | D:6      | Found a basalt altar of Yredelemnul.
  6173 | D:6      | Found a radiant altar of Vehumet.
  6176 | D:6      | Found a bloodstained altar of Trog.
  6394 | D:6      | Reached XP level 8. HP: 43/52 MP: 8/8
  6583 | D:6      | Noticed Menkaure
  6597 | D:6      | Killed Menkaure
  6597 | D:6      | Reached skill level 10 in Slings
  6679 | D:6      | Reached ** piety under Nemelex Xobeh
  6681 | D:6      | Noticed Grinder
  6688 | D:6      | Paralysed by Grinder for 3 turns
  6703 | D:6      | Paralysed by Grinder for 6 turns
  6708 | D:6      | Slain by Grinder

Illustrated notes

Levels and vault maps discovered:
D:1:      beargit_arrival_greenhouse, layout_loops_cross
D:2:      layout_basic, uniq_natasha, uniq_robin
D:3:      layout_basic, uniq_jessica
D:4:      layout_loops_cross, minmay_temple_entry_butterflies, serial_shops,
          shop, first_ration
D:5:      layout_loops_corners, minivault_23, minivault_23,
          minmay_misc_feat_rugged, minmay_misc_feat_tower, uniq_ijyb
D:6:      layout_basic, zin_purify, grunt_temple_overflow_cloverleaf,
          uniq_grinder, uniq_menkaure
Temple:   nicolae_temple_elliptical

Skill      XL: |  1  2  3  4  5  6  7  8 |
---------------+-------------------------+-----
Slings         | 6 7 8 9 10 | 10.1
Short Blades   | 1 2 3 4 |  4.5
Armour         | 1 2 |  2.8
Fighting       | 2 3 |  3.6
Dodging        | 3 |  3.5
Stealth        | 2 |  2.5

Action                   |  1- 3 |  4- 6 |  7- 9 || total
-------------------------+-------+-------+-------++-------
Melee: Short sword       |    54 |   151 |   129 ||   334
 Fire: Hunting sling     |    42 |   114 |    93 ||   249
Invok: Draw Destruction  |       |       |     3 ||     3
       Draw Summoning    |       |       |     2 ||     2
       Draw Escape       |       |       |     1 ||     1
  Use: Scroll            |     2 |     3 |     2 ||     7
 Stab: Sleeping          |       |       |     1 ||     1
       Distracted        |       |       |     1 ||     1
  Eat: Chunk             |       |     7 |     3 ||    10
       Ration            |       |     1 |     2 ||     3
Armor: Leather armour    |    17 |    36 |    33 ||    86
Dodge: Dodged            |    47 |   101 |    76 ||   224
